 Dungeon Sprint DCSS version 0.27-a0-1572-gacd6f1ce93 (webtiles) character file.

Game seed: 14665346901906225929

3705 Conn the Arsonist (level 10, -16/88 HPs)
             Began as an Octopode Fire Elementalist on July 17, 2021.
             Was a High Priest of Sif Muna.
             Killed from afar by a deep elf zephyrmancer (35 damage)
             ... with a bolt of lightning
             ... in the Dungeon (Sprint III: "The Ten Rune Challenge").
             The game lasted 00:19:19 (2454 turns).

Conn the Arsonist (Octopode Fire Elementalist)      Turns: 2454, Time: 00:19:20

Health: -16/88     AC:  3    Str:  8    XL:     10   Next: 14%
Magic:  10/24      EV: 15    Int: 20    God:    Sif Muna [*****.]
Gold:   2148       SH:  0    Dex: 13    Spells: 6/29 levels left

rFire    . . .     SeeInvis .   b - +0 dagger
rCold    . . .     Faith    .   (no shield)
rNeg     . . .     Spirit   .   (helmet restricted)
rPois    .         Reflect  .   (no amulet)
rElec    .         Harm     .   (no ring)
rCorr    .         Rampage  .   (no ring)
Will     .....     NoTele   +   (no ring)
Stlth    ..........             (no ring)
HPRegen  0.24/turn              (no ring)
MPRegen  0.19/turn              (no ring)
                                (no ring)
                                (no ring)

@: berserking, unable to read, very quick
A: almost no armour, amphibious, 8 rings, camouflage 1, gelatinous body 1,
(nimble swimmer 1), tentacles, iridescent scales 1, wild magic 1, inability to
read while threatened
a: Renounce Religion, Channel Magic, Forget Spell, Divine Exegesis


You were in the Dungeon.
You worshipped Sif Muna.
Sif Muna was extremely pleased with you.
You visited 1 branch You collected 2148 gold pieces.

Inventory:

Hand Weapons
 b - a +0 dagger (weapon)
Wands
 n - a wand of flame (16)
Scrolls
 f - a scroll of blinking
 g - 3 scrolls of identify
 i - a scroll of torment {unknown}
 k - a scroll of holy word {unknown}
 l - a scroll of fog {unknown}
Potions
 a - a potion of curing
 c - a potion of haste
 d - 2 potions of magic
 h - 2 potions of mutation
 j - 3 potions of flight
 m - a potion of might


   Skills:
 + Level 1.6 Fighting
 + Level 1.7 Short Blades
 + Level 6.8 Dodging
 + Level 7.8 Stealth
 + Level 10.0 Spellcasting
 * Level 11.1 Conjurations
 + Level 2.5 Hexes
 + Level 13.1 Fire Magic
 * Level 6.1 Air Magic
 * Level 2.0 Earth Magic
 + Level 2.0 Evocations


You had 6 spell levels left.
You knew the following spells:

 Your Spells              Type           Power      Damage    Failure   Level
a - Foxfire               Conj/Fire      100%       2x1d9     1%          1
b - Conjure Flame         Conj/Fire      66%        6-21      1%          3
c - Inner Flame           Hex/Fire       52%        N/A       1%          3
d - Sticky Flame          Conj/Fire      66%        2d8       1%          4
e - Fireball              Conj/Fire      33%        3d14      2%          5
f - Airstrike             Air            22%        N/A       9%          4
g - Stone Arrow           Conj/Erth      94%        3d12      2%          3

Your spell library contained the following spells:

 Spells                   Type           Power      Damage    Failure   Level
 Shock                    Conj/Air       100%       1d9       1%          1
 Swiftness                Air            45%        N/A       3%          3
 Poisonous Vapours        Pois/Air       58%        N/A       5%          2
 Bolt of Magma            Conj/Fire/Erth 27%        4d13      9%          5
 Starburst                Conj/Fire      33%        8x6d10    12%         6
 Summon Lightning Spire   Summ/Air       29%        N/A       28%         4
 Spellforged Servitor     Conj/Summ      20%        N/A       100%        7


Dungeon Overview and Level Annotations

Branches:
Dungeon (1/1)

Altars:
Cheibriados
Dithmenos
Elyvilon
Fedhas
Gozag
Hepliaklqana
Kikubaaqudgha
Makhleb
Nemelex Xobeh
Okawaru
Qazlal
Ru
Sif Muna
Trog
Uskayaw
Vehumet
Wu Jian
Xom
Yredelemnul
Zin
The Shining One
Beogh
Jiyva
Lugonu

Shops:
D !


Innate Abilities, Weirdness & Mutations

You cannot wear most types of armour.
You are amphibious.
You can wear up to eight rings at the same time.
Your skin changes colour to match your surroundings (Stealth+).
Your rubbery body absorbs attacks. (AC +1, EV +1)
((You are camouflaged near water. (Stealth+)))
You have tentacles for arms and can constrict up to eight enemies at once.
You are partially covered in iridescent scales. (AC +2)
Your spells are a little harder to cast, but a little more powerful.
You sometimes lose the ability to read scrolls when taking damage.


Message History

Aim: a deep elf knight, wielding a +0 scimitar, wearing a +0 chain mail and wearing a +0 buckler (heavily wounded, 100% to hit)
The sticky flame hits the deep elf knight.
The deep elf knight is heavily wounded.
The deep elf knight is covered in liquid flames!
The deep elf knight burns! x2
The deep elf knight hits you with a +0 scimitar!!
You feel threatened and lose the ability to read scrolls!
Ouch! That really hurt!
* * * LOW HITPOINT WARNING * * *
Okay, then.
You cannot read scrolls in your current state!
You feel much better.
The deep elf knight burns! x2
The deep elf knight gestures wildly while chanting.
The deep elf knight seems to speed up.
The deep elf knight hits you with a +0 scimitar!!
* * * LOW HITPOINT WARNING * * *
Unknown command.
The deep elf knight burns!
You kill the deep elf knight!
Sif Muna accepts your kill.
The deep elf knight burns!
Your Spellcasting skill increases to level 10!
Your Conjurations skill increases to level 11!
Your Air Magic skill increases to level 6!
Your Earth Magic skill gained 2 levels and is now at level 2!
You have reached level 10!
You feel stronger.
Casting: Sticky Flame (dangerous; 1% risk of failure)
Confirm with . or Enter, or press ? or * to list all spells.
Okay, then.
A red film seems to cover your vision as you go berserk!
You feel yourself moving faster!
You feel mighty!
You can read scrolls again.
The deep elf knight burns!
You kill the deep elf knight!
Sif Muna accepts your kill.
The deep elf zephyrmancer gestures at you while chanting.
The bolt of lightning hits you!!
You feel threatened and lose the ability to read scrolls!
You die...

▓▓▓ ##### ######.#######
_#__#####...#..'.#...#
)#._#...).....##@#e..##≈
##'##.))).....##)#...≈≈≈
[...#........#.#e#...##≈
))..#.∩#.#.#.###)e...#
###)#.######## #######
#...#'##############
#..)#....#.#.#..o..#
#...##.#).#.##.#
#...'##.#)#.##.#


You could see a deep elf knight and 2 deep elf zephyrmancers.

Vanquished Creatures
  2 deep elf knights (D)
  A deep elf pyromancer (D)
  3 orc sorcerers (D)
  A shadow (D)
  A spatial vortex (D)
  A necrophage (D)
  An orc warrior (D)
  4 two-headed ogres (D)
  A water elemental (D)
  2 orc priests (D)
  A jelly (D)
  A wizard (D)
  3 orc wizards (D)
  A necromancer (D)
  A kobold demonologist (D)
  3 humans (D)
  A phantom (D)
  6 orcs (D)
  An endoplasm (D)
  3 rats (D)
38 creatures vanquished.

Vanquished Creatures (others)
  91 foxfires (D)
  3 plants (D)
94 creatures vanquished.

Grand Total: 132 creatures vanquished

Notes
Turn   | Place    | Note
-------+----------+-------------------------------------------
     0 | D        | Conn the Octopode Fire Elementalist began the quest for the
                  | Orb.
     0 | D        | Reached XP level 1. HP: 11/11 MP: 3/3
    90 | D        | Reached skill level 4 in Fire Magic
   140 | D        | Reached skill level 5 in Fire Magic
   140 | D        | Reached XP level 2. HP: 15/17 MP: 0/6
   140 | D        | Reached XP level 3. HP: 19/21 MP: 0/7
   165 | D        | Learned a level 3 spell: Conjure Flame
   169 | D        | Learned a level 3 spell: Inner Flame
   210 | D        | Noticed a water elemental
   234 | D        | Killed a water elemental
   235 | D        | Reached skill level 6 in Fire Magic
   235 | D        | Reached XP level 4. HP: 2/27 MP: 5/9
   516 | D        | Found a basalt altar of Yredelemnul.
   516 | D        | Found a shadowy altar of Dithmenos.
   516 | D        | Found a sacrificial altar of Ru.
   516 | D        | Noticed a necrophage
   527 | D        | Gained mutation: Your spells are a little harder to cast,
                  | but a little more powerful. [potion of mutation]
   527 | D        | Gained mutation: You sometimes lose the ability to read
                  | scrolls when taking damage. [potion of mutation]
   527 | D        | Gained mutation: You are partially covered in iridescent
                  | scales. (AC +2) [potion of mutation]
   531 | D        | Reached skill level 7 in Fire Magic
   539 | D        | Killed a necrophage
   540 | D        | Reached skill level 8 in Fire Magic
   540 | D        | Reached XP level 5. HP: 8/31 MP: 1/12
   545 | D        | Learned a level 4 spell: Sticky Flame
   792 | D        | Found a hide-covered altar of Uskayaw.
   792 | D        | Found an iron altar of Okawaru.
   792 | D        | Found a bloodstained altar of Trog.
   792 | D        | Found an ornate altar of the Wu Jian Council.
   792 | D        | Noticed a human
   792 | D        | Noticed a human
   823 | D        | Killed a human
   824 | D        | Reached skill level 5 in Dodging
   824 | D        | Reached skill level 5 in Stealth
   824 | D        | Reached skill level 5 in Spellcasting
   824 | D        | Reached skill level 9 in Fire Magic
   824 | D        | Reached XP level 6. HP: 22/36 MP: 2/14
   830 | D        | Killed a human
   831 | D        | Reached skill level 5 in Conjurations
   831 | D        | Reached skill level 10 in Fire Magic
   831 | D        | Reached XP level 7. HP: 26/41 MP: 1/16
   983 | D        | Learned a level 5 spell: Fireball
   987 | D        | Found a radiant altar of Vehumet.
   987 | D        | Found a shimmering blue altar of Sif Muna.
   987 | D        | Found an ancient bone altar of Kikubaaqudgha.
  1181 | D        | Became a worshipper of Sif Muna the Loreminder
  1191 | D        | Found a glowing silver altar of Zin.
  1191 | D        | Found a glowing golden altar of the Shining One.
  1191 | D        | Found a white marble altar of Elyvilon.
  1192 | D        | Noticed a deep elf pyromancer
  1198 | D        | Killed a deep elf pyromancer
  1199 | D        | Reached skill level 1 in Hexes
  1199 | D        | Reached skill level 11 in Fire Magic
  1199 | D        | Reached skill level 1 in Evocations
  1199 | D        | Reached XP level 8. HP: 46/46 MP: 1/19
  1332 | D        | Learned a level 4 spell: Airstrike
  1335 | D        | Noticed a shadow
  1338 | D        | Killed a shadow
  1338 | D        | Reached * piety under Sif Muna
  1339 | D        | Reached skill level 1 in Air Magic
  1442 | D        | Found a blossoming altar of Fedhas.
  1442 | D        | Found a stormy altar of Qazlal.
  1443 | D        | Found a snail-covered altar of Cheibriados.
  1443 | D        | Found a burning altar of Makhleb.
  1443 | D        | Found a hazy altar of Hepliaklqana.
  1443 | D        | Found a shimmering altar of Xom.
  1443 | D        | Found an opulent altar of Gozag.
  1443 | D        | Found a sparkling altar of Nemelex Xobeh.
  1443 | D        | Found a corrupted altar of Lugonu.
  1443 | D        | Found a viscous altar of Jiyva.
  1674 | D        | Reached ** piety under Sif Muna
  1675 | D        | Reached skill level 12 in Fire Magic
  1803 | D        | Found Zeteufy's Distillery.
  1804 | D        | Noticed an orc sorcerer
  1805 | D        | Killed an orc sorcerer
  1805 | D        | Reached *** piety under Sif Muna
  1805 | D        | Noticed an orc sorcerer
  1806 | D        | Reached skill level 1 in Short Blades
  1806 | D        | Reached XP level 9. HP: 51/51 MP: 10/21
  1833 | D        | Killed an orc sorcerer
  2049 | D        | Reached **** piety under Sif Muna
  2096 | D        | Noticed an orc sorcerer
  2099 | D        | Killed an orc sorcerer
  2100 | D        | Reached skill level 1 in Fighting
  2100 | D        | Reached skill level 10 in Conjurations
  2100 | D        | Reached skill level 5 in Air Magic
  2235 | D        | Noticed a two-headed ogre
  2258 | D        | Killed a two-headed ogre
  2258 | D        | Reached ***** piety under Sif Muna
  2259 | D        | Reached skill level 13 in Fire Magic
  2265 | D        | Received a gift from Sif Muna
  2266 | D        | Got Sif Muna's Papyrus of Aerial Confrontation {god gift}
  2271 | D        | Learned a level 3 spell: Stone Arrow
  2443 | D        | Noticed a deep elf knight
  2443 | D        | Noticed a deep elf zephyrmancer
  2443 | D        | Noticed a deep elf zephyrmancer
  2443 | D        | Noticed a deep elf knight
  2443 | D        | Noticed a deep elf knight
  2453 | D        | Killed a deep elf knight
  2454 | D        | Reached skill level 10 in Spellcasting
  2454 | D        | Reached XP level 10. HP: 12/59 MP: 10/24
  2454 | D        | Killed a deep elf knight
  2454 | D        | Killed from afar by a deep elf zephyrmancer

Illustrated notes

Levels and vault maps discovered:
D:        dungeon_sprint_mu [sprint_mu_entry_forest, sprint_mu_temple_rooms,
          sprint_mu_d1_spiders, sprint_mu_d2_genie, sprint_mu_d3_branching,
          sprint_mu_orc_legion, sprint_mu_elf_gauntlet, sprint_mu_hive_nellie,
          sprint_mu_lair_fedhas, sprint_mu_vaults_butterflies,
          sprint_mu_slime_circle, sprint_mu_swamp_cave, sprint_mu_shoals_kraken,
          sprint_mu_blade_basic, sprint_mu_crypt_lich, sprint_mu_tomb_spiral,
          sprint_mu_vestibule_basic, sprint_mu_gehenna_hellfire,
          sprint_mu_dis_giant, sprint_mu_tartarus_statrot,
          sprint_mu_cocytus_islands, sprint_mu_zot1]

Skill      XL: |  1  2  3  4  5  6  7  8  9 |
---------------+----------------------------+-----
Fire Magic     | 5 6 8 9 10 11 12 13 | 13.1
Stealth        | 3 4 5 6 7 |  7.8
Spellcasting   | 3 4 5 6 7 8 10 | 10.0
Dodging        | 3 4 5 6 |  6.8
Conjurations   | 3 4 5 7 8 11 | 11.1
Hexes          | 1 2 |  2.5
Evocations     | 1 2 |  2.0
Air Magic      | 3 6 |  6.1
Short Blades   | 1 |  1.7
Fighting       | 1 |  1.6
Earth Magic    | 2 |  2.0

Action                   |  1- 3 |  4- 6 |  7- 9 | 10-12 || total
-------------------------+-------+-------+-------+-------++-------
Melee: Dagger            |       |       |     3 |       ||     3
       Tentacles         |       |       |     2 |       ||     2
 Cast: Foxfire           |    14 |    12 |    23 |       ||    49
       Inner Flame       |       |     2 |     2 |       ||     4
       Conjure Flame     |       |     1 |     2 |       ||     3
       Fireball          |       |       |    20 |       ||    20
       Sticky Flame      |       |       |     5 |       ||     5
       Airstrike         |       |       |     2 |       ||     2
Evoke: Wand              |       |     2 |       |       ||     2
  Use: Potion            |     1 |     1 |     1 |     1 ||     4
 Stab: Sleeping          |       |       |     1 |       ||     1
Armor: Skin              |     1 |       |     1 |       ||     2
Dodge: Dodged            |     7 |     4 |     7 |       ||    18

Table legend: (Time is in decaauts)
 A = Elapsed time spent in this place.
 B = Non-inter-level travel time spent in this place.
 C = Inter-level travel time spent in this place.
 D = Time resting spent in this place.
 E = Time spent auto-exploring this place.
 F = Levels seen in this place.
 G = Mean time per level.
                   A        B        C        D        E       F      G
               +--------+--------+--------+--------+--------+-----+--------+
         Total |   2453 |   2453 |      0 |   1711 |      0 |   1 | 2453.0 |
       Dungeon |   2453 |   2453 |      0 |   1711 |      0 |   1 | 2453.0 |
               +--------+--------+--------+--------+--------+-----+--------+

Top non-repeatable levels by time:
       D: 2453 daAuts
